 Dungeon Crawl Stone Soup version 0.31-a0-198-g2ad674f65e (webtiles) character file.

Game seed: 3735074649238137197

185 qw the Skirmisher (level 5, 0/29 HPs)
             Began as a Deep Elf Hunter on June 25, 2023.
             Killed by nerve-wracking pain
             ... invoked by an orc priest
              (11 damage)
             ... on level 3 of the Dungeon.
             The game lasted 00:00:45 (2184 turns).

qw the Skirmisher (Deep Elf Hunter)                 Turns: 2184, Time: 00:00:45

Health: 0/29       AC:  3    Str: 10    XL:     5   Next: 37%
Magic:  7/7        EV: 12    Int: 14    God:
Gold:   84         SH:  0    Dex: 18    Spells: 4/4 levels left

rFire   . . .        Y - +0 shortbow
rCold   . . .        (shield currently unavailable)
rNeg    . . .        c - +0 leather armour
rPois   .            (no helmet)
rElec   .            (no cloak)
rCorr   .            (no gloves)
SInv    .            (no boots)
Will    .....        (no amulet)
Stlth   ++           (no ring)
HPRegen 0.24/turn    (no ring)
MPRegen 0.10/turn

%: no passive effects
@: no status effects
A: no striking features
a: no special abilities


You were on level 3 of the Dungeon.
You visited 1 branch of the dungeon, and saw 3 of its levels.

You collected 84 gold pieces.


   Skills:
 - Level 1.5 Fighting
 + Level 8.9 Ranged Weapons
 - Level 2.4 Dodging
 - Level 1.2 Stealth


You had 4 spell levels left.
You didn't know any spells.
Your spell library was empty.

Inventory:

Hand Weapons
 Y - a +0 shortbow (weapon)
Armour
 c - a +0 leather armour (worn)
Jewellery
 k - a ring of poison resistance
 p - a ring of see invisible
 q - a ring of flight
Scrolls
 i - 2 scrolls of identify {unknown}
 l - a scroll of torment {unknown}
 m - a scroll of teleportation {unknown}
 o - a scroll of fear {unknown}
Potions
 a - a potion of magic {unknown}
 b - a potion of degeneration {unknown}
 d - a potion of might {unknown}
 e - a potion of ambrosia {unknown}
 f - a potion of heal wounds {unknown}
 g - a potion of attraction {unknown}
 h - a potion of resistance {unknown}
 j - a potion of mutation {unknown}
 n - 2 potions of enlightenment {unknown}

Dungeon Overview and Level Annotations

Branches:
Dungeon (3/15)

Altars:
Elyvilon
Qazlal

Portals:
Abyss: D:3

Annotations:
D:3 2 transporters, qw's ghost, amateur DEHu


Message History

Enter note:
Enter note:
Enter note: You shoot an arrow.
The arrow hits the orc.
The orc shouts!
The orc is heavily wounded.
You hear a shout! x2
An orc priest comes into view. It is wielding a +0 hand axe.
You shoot an arrow. The arrow closely misses the orc.
The orc priest shouts!
You hear a shout!
The orc priest calls down the wrath of Beogh upon you.
Beogh smites you!
An orc priest comes into view. It is wielding a +0 dagger.
You shoot an arrow. The arrow closely misses the orc.
The arrow hits the orc priest.
The orc priest is lightly wounded.
An orc comes into view. It is wielding a +0 dagger.
You shoot an arrow. The arrow barely misses the orc.
An orc comes into view. It is wielding a +0 whip.
You shoot an arrow. The arrow hits the orc!
You kill the orc!
The orc priest invokes the aid of Beogh against you.
Beogh smites you!
You shoot an arrow. The arrow hits the orc priest.
The orc priest is lightly wounded.
You shoot an arrow. The arrow hits the orc priest.
The orc priest is lightly wounded.
The orc priest calls upon Beogh to heal the orc priest.
The orc priest's wounds heal themselves!
You shoot an arrow. The arrow hits the orc.
The orc is severely wounded.
You shoot an arrow. The arrow closely misses the orc.
You shoot an arrow. The arrow hits the orc!
You kill the orc!
The orc priest looks encouraged for a moment.
You shoot an arrow. The arrow barely misses the orc priest.
The orc priest calls down the wrath of Beogh upon you.
Pain shoots through your body!
You die...

#.# #..#.###......## #.#
#......#..#............ #.#
#......#..#...###.###.. #.#
#......#..##.##.....##. #.#
#.....o#.....#...#...#. #.#
#..).o)##....#.<...<.#. #.#
#.....o##.#..#..._...#. #.#
#......##.#..#.#...#.#. #.#
#.[...@##........<..... #.#
#.......#.##..#.....#..
#.####.......#.##..#######..
#............#.............#
############.#######.....###
#...#.# ######### #.#.#.#
#... #.#.#.# #... #.#.#.#
#...


You could see 2 orc priests and an orc.

Vanquished Creatures
  An ogre (D:3)
  5 adders
  A dart slug (D:1)
  3 orcs
  3 endoplasms
  A giant cockroach (D:1)
  2 goblins (D:2)
  6 hobgoblins
  2 jackals (D:2)
  3 quokkas
  12 ball pythons
  5 bats
  2 frilled lizards
  4 kobolds
  A rat (D:1)
51 creatures vanquished.

Notes
Turn   | Place    | Note
-------+----------+-------------------------------------------
     0 | D:1      | qw the Deep Elf Hunter began the quest for the Orb.
     0 | D:1      | Reached XP level 1. HP: 12/12 MP: 3/3
     0 | D:1      | 0 ||| qw: Version: 0.3-a-22-g0ed2b0b
     0 | D:1      | 0 ||| qw: Game counter: 5338
     0 | D:1      | 0 ||| qw: Melee chars always use a shield: true
     0 | D:1      | 0 ||| qw: God list: Okawaru
     0 | D:1      | 0 ||| qw: Allow faded altars: false
     0 | D:1      | 0 ||| qw: Do Orc after clearing Dungeon:15 true
     0 | D:1      | 0 ||| qw: Do second Lair branch before Depths: true
     0 | D:1      | 0 ||| qw: Lair rune preference: random
     0 | D:1      | 0 ||| qw: Goals: Normal
     0 | D:1      | 0 ||| PLANNING D:1-11
   235 | D:1      | Reached XP level 2. HP: 16/16 MP: 4/4
   236 | D:1      | 236 ||| Stepping ~*~*~tactically~*~*~ (water).
   241 | D:1      | Reached skill level 6 in Ranged Weapons
   262 | D:1      | 262 ||| FLEEEEING.
   421 | D:1      | 421 ||| READING scroll labelled XYHOAT VAECKE.
   422 | D:1      | 422 ||| READING scroll labelled YZOCAZ ZAENN.
   423 | D:1      | 423 ||| DROPPING scroll of butterflies.
   488 | D:2      | Reached XP level 3. HP: 20/20 MP: 5/5
   553 | D:2      | Reached skill level 7 in Ranged Weapons
   655 | D:2      | Found a stormy altar of Qazlal.
  1101 | D:2      | 1101 ||| READING scroll labelled LAF RURGHUA.
  1124 | D:3      | Found a faded altar of an unknown god.
  1251 | D:3      | Found a white marble altar of Elyvilon.
  1344 | D:3      | Noticed a small abomination
  1344 | D:3      | Noticed an ogre
  1351 | D:3      | Killed an ogre
  1352 | D:3      | Reached skill level 8 in Ranged Weapons
  1352 | D:3      | Reached XP level 4. HP: 25/25 MP: 6/6
  1352 | D:3      | Reached XP level 5. HP: 29/29 MP: 7/7
  1352 | D:3      | Noticed a small abomination
  1358 | D:3      | Found a one-way gate to the infinite horrors of the Abyss.
  1358 | D:3      | Noticed a small abomination
  1358 | D:3      | Noticed qw's ghost (amateur DEHu)
  1368 | D:3      | Found a transporter.
  1392 | D:3      | Found a transporter.
  1977 | D:3      | HP: 7/29 [adder (1)]
  1981 | D:3      | HP: 3/29 [poisoned by an adder]
  1983 | D:3      | HP: 1/29 [poisoned by an adder]
  2184 | D:3      | Killed from afar by an orc priest

Levels and vault maps discovered:
D:1:      dpeg_arrival_water_temple_mockup, layout_rooms, serial_bayou_ford_a
D:2:      layout_basic, basic_altar
D:3:      layout_basic, elyvilon_altar_4, nicolae_ecumenical_pavilion,
          gammafunk_ghost_abyssal_escape, fountainhead

Skill      XL: |  1  2  3 |
---------------+----------+-----
Ranged Weapons | 6 8 |  8.9
Fighting       | |  1.5
Dodging        | |  2.4
Stealth        | |  1.2

Action                     |  1- 3 |  4- 6 || total
---------------------------+-------+-------++-------
   Fire: Shortbow          |   115 |    35 ||   150
    Use: Scroll            |     3 |       ||     3
 Armour: Leather armour    |     3 |     5 ||     8
  Dodge: Dodged            |     9 |    22 ||    31

Table legend:
 A = Non-vault XP
 B = Vault XP
 C = Vault XP percentage of total XP
 D = Non-vault monster count
 E = Vault monster count
 F = Vault count percentage of total count
                 A         B        C        D         E       F
            +---------+---------+-------+---------+---------+-------
      Total |     265 |       0 |   0.0 |      51 |       0 |   0.0
            +---------+---------+-------+---------+---------+-------
        D:1 |      27 |       0 |   0.0 |      17 |       0 |   0.0
        D:2 |      53 |       0 |   0.0 |      24 |       0 |   0.0
        D:3 |     185 |       0 |   0.0 |      10 |       0 |   0.0
            +---------+---------+-------+---------+---------+-------
